Cogmind - Beta 17.1 @@@ ROGUE MODE // 2026.09.12 @ 06:05:46 Player: Cereal Killer Result: Destroyed by AP7-3 with Enhanced Gamma Rifle Performance ------------- Evolutions (7) 3500 Regions Visited (17) 3400 Robots Destroyed (202) 1010 Value Destroyed (9994) 9994 Prototype IDs (68) 1360 Alien Tech Used (3) 600 Bonus (22418) 22418 TOTAL SCORE: 42282 Bonus ------- Triggered High Security 500 High Alert Combat Kills 1255 Follower Combat Kills 2430 Prayed to X0-1V1 5000 Major X0-1V1 Interference 7000 Delivered SUBCON Basin 2000 Registered with UFD 300 Met Optimus in HQ 500 Met Zhirov 300 MAIN.C Attacked Proxy Base 500 Met R17 at Cetus 500 Read Decrypted Archives 300 Met R17 at Research 2000 Friendly Fire -167 Cogmind --------- Core Integrity 0/1350 Matter 773/1000 Energy 277/1100 System Corruption 10% Temperature Cool (0) Movement Core (50) Location -3/Protoforge Parts ------- > --- POWER (1) -------- (None) > --- PROPULSION (6) --- (None) > --- UTILITY (9) ------ (None) > --- WEAPON (5) ------- (None) > --- INVENTORY (5) ---- Quantum Capacitor Stasis Canceller Sigix Terminator (1) Peak State ------------ > --- POWER ------------ Quantum Reactor > --- PROPULSION ------- Improved Antigrav System Improved Antigrav System Antigrav Array Antigrav Array > --- UTILITY ---------- Coolant Network Large Storage Unit Advanced Signal Interpreter Experimental Launcher Guidance Computer Experimental Target Analyzer Core Analyzer Tech Extrapolator X0-1V1's Piety Tracker > --- WEAPON ----------- Plasma Rifle Compact Mass Driver Compact Mass Driver Compact Mass Driver Compact Mass Driver > --- INVENTORY -------- Zero-point Reactor Meta Core Wheel Improved Antigrav System Improved Antigrav System Advanced Heat Sink Advanced Heat Sink Quantum Capacitor Advanced Weapon Cycler Stasis Canceller Multirail Gamma Bomb Array Sigix Terminator [Rating: 174] Favorites ----------- Power Quantum Reactor Engine Light Deuterium Engine Power Core Reinforced Fission Core Reactor Quantum Reactor Propulsion Armored Huge Wheel Treads Light Treads Leg Myomer Leg Wheel Armored Huge Wheel Hover Unit Improved Antigrav System Flight Unit Cooled Impulse Thruster Utility X0-1V1's Piety Tracker Device X0-1V1's Piety Tracker Storage Large Storage Unit Processor Tech Extrapolator Hackware System Shield Protection Centrium Medium Armor Plating Weapon Compact Mass Driver Energy Gun Enhanced Quantum Rifle Energy Cannon Plasma Cannon Ballistic Gun Enhanced Coil Gun Ballistic Cannon Compact Mass Driver Launcher Subdweller Shrapnel Launcher Special Weapon CPS Tube Impact Weapon Gravity Flail Slashing Weapon Plasma Sword Special Melee Weapon Chaos Jack Build | -11 -10 -10 -7 -7 -5 -5 -5 -5 -4 -4 -4 -4 -4 -4 -3 -3 -3 ------- Run | Yrd Mat Sub Rec Scr Fac Upp Upp Zhi Pro Fac Ext Cet Arc Hub Res Qua Frg Slots Evolved 14 | . . . . . 10 . . . . 2 . . . . 2 . . Power . | . . . . . . . . . . . . . . . . . . Propulsion 4 | . . . . . 2 . . . . . . . . . 2 . . Utility 7 | . . . . . 6 . . . . 1 . . . . . . . Weapon 3 | . . . . . 2 . . . . 1 . . . . . . . Parts Attached 248 | 6 5 15 3 8 39 5 . 8 38 35 26 10 . 16 21 9 4 Power 27 | 1 . 3 . 1 3 . . 1 7 4 2 1 . 1 1 1 1 Engine 7 | 1 . 3 . 1 1 . . . 1 . . . . . . . . Core 6 | . . . . . . . . 1 2 . 2 . . . . . 1 Reactor 14 | . . . . . 2 . . . 4 4 . 1 . 1 1 1 . Propulsion 65 | 2 2 1 1 2 6 . . . 8 15 9 3 . 1 10 2 3 Treads 6 | . 2 . . . 1 . . . . . . 2 . 1 . . . Leg 25 | . . . . . . . . . 4 10 9 1 . . 1 . . Wheel 15 | 2 . 1 1 2 5 . . . 1 1 . . . . 1 . 1 Hover 18 | . . . . . . . . . 3 4 . . . . 7 2 2 Flight 1 | . . . . . . . . . . . . . . . 1 . . Utility 80 | 1 1 6 1 1 15 4 . 4 13 11 6 2 . 5 6 4 . Device 50 | . 1 3 1 . 9 3 . 1 9 10 4 1 . 2 3 3 . Storage 6 | 1 . 1 . 1 . . . 1 1 . . . . 1 . . . Processor 10 | . . . . . 1 . . 1 3 1 1 . . . 2 1 . Hackware 1 | . . . . . . . . . . . . . . 1 . . . Protection 13 | . . 2 . . 5 1 . 1 . . 1 1 . 1 1 . . Artifact . | . . . . . . . . . . . . . . . . . . Weapon 76 | 2 2 5 1 4 15 1 . 3 10 5 9 4 . 9 4 2 . Energy Gun 26 | 1 1 . . . 5 . . . 5 2 5 1 . 5 . 1 . Energy Cannon 12 | . . 2 . 1 1 1 . 2 1 . 1 . . 3 . . . Ballistic Gun 17 | 1 . 2 . . 5 . . . 1 1 3 3 . 1 . . . Ballistic Cannon 9 | . . . . 2 3 . . . . . . . . . 4 . . Launcher 3 | . . 1 1 . . . . . . . . . . . . 1 . Special Weapon 3 | . 1 . . 1 1 . . . . . . . . . . . . Impact Weapon 1 | . . . . . . . . . 1 . . . . . . . . Slashing Weapon 4 | . . . . . . . . 1 1 2 . . . . . . . Piercing Weapon . | . . . . . . . . . . . . . . . . . . Special Melee Weapon 1 | . . . . . . . . . 1 . . . . . . . . Unidentified Prototypes 29 | . . 1 . . 6 1 . 3 4 2 . 4 . 1 3 4 . Parts Lost 115 | . 1 4 3 . 15 . 1 . 19 26 9 5 2 13 2 1 14 Power 13 | . . . 1 . 1 . . . 2 5 1 . 1 . 1 . 1 Propulsion 30 | . . 1 1 . 3 . . . 3 11 1 1 . 1 . 1 7 Utility 32 | . . 1 1 . 5 . 1 . 8 4 4 1 1 3 . . 3 Weapon 40 | . 1 2 . . 6 . . . 6 6 3 3 . 9 1 . 3 Highest Loss Streak 14 | . 1 2 2 . 5 . 1 . 14 9 5 3 2 6 1 1 12 To Critical Strikes 4 | . . . . . . . . . . . . 1 . 1 . . 2 Average Backups 13 | 2 6 6 8 16 17 17 18 17 13 13 13 13 14 12 13 13 12 Power 1 | . 1 . 1 . 1 1 1 1 . 1 1 1 3 2 1 . 1 Propulsion 2 | 1 3 2 2 1 . 3 3 4 2 4 5 4 2 2 2 3 2 Utility 4 | . . 1 1 5 5 5 6 5 4 4 5 5 7 4 6 5 4 Weapon 3 | . 1 1 3 6 6 5 5 2 3 1 . . 1 1 1 2 2 Tool/Special . | . . . . . . . . . . . . . . . . . . Unused Backups 78 | . 3 7 . 9 20 1 . 4 8 8 3 2 . . 3 1 9 Power 9 | . . 1 . . 2 1 . . . 2 . 1 . . . . 2 Propulsion 17 | . 2 1 . 3 3 . . 2 . 1 3 1 . . . . 1 Utility 35 | . . 2 . 3 11 . . 2 6 4 . . . . 2 1 4 Weapon 17 | . 1 3 . 3 4 . . . 2 1 . . . . 1 . 2 Tool/Special . | . . . . . . . . . . . . . . . . . . Average Slot Usage (%) 86 | . 88 98 87 81 84 81 81 72 84 87 88 93 92 88 80 85 79 Engine 3 | . 14 13 2 6 . . . . . . . . . . . . . Reactor 2 | . . . . . 4 5 5 3 3 4 1 2 4 4 4 4 3 Treads 2 | . 19 13 . . . . . . . . . 3 5 6 3 . . Leg 3 | . . . . . . . . . 6 15 15 13 10 7 . . . Wheel 8 | . 8 14 28 17 12 11 11 11 4 . . . . . 2 . . Hover 3 | . . . . . . . . . 5 4 5 . . . 11 18 18 Device 17 | . 7 19 13 14 24 23 22 23 19 13 16 14 14 14 17 14 12 Storage 7 | . 9 5 14 14 5 5 5 6 9 8 5 5 5 4 4 4 3 Processor 8 | . . . . . 3 5 5 5 12 23 17 21 21 16 15 19 18 Protection 2 | . . 2 . . 5 4 5 3 . . 1 4 5 6 1 . . Energy Gun 5 | . 13 . . . 5 16 17 2 12 4 11 4 5 9 4 4 3 Energy Cannon 4 | . . 6 14 12 3 . . 8 . . 1 5 5 4 5 . . Ballistic Gun 7 | . 14 20 14 4 11 . . . . . 2 13 15 11 2 . . Ballistic Cannon 3 | . . . . 10 1 5 5 . . . . . . . 6 18 17 Slashing Weapon 1 | . . . . . . . . 2 1 8 3 . . . . . . Peak Build Rating 174 | 6 7 43 43 41 113 112 112 107 123 135 124 143 143 169 163 174 172 Average Rating 90 | 5 6 23 41 34 100 111 109 91 103 116 111 132 140 144 144 167 158 On Entrance 88 | . 6 6 43 25 38 82 112 103 100 123 108 120 143 128 128 163 172 Avg Prop Armor Cover (%) 8 | . . . 6 6 9 . . . 10 5 . 6 8 6 12 . . Naked Turns 19 | . . . . . . . . . . . . . . . . . 19 Heaviest Build 127 | 14 14 96 96 93 109 101 101 101 94 73 76 82 81 127 100 76 74 Greatest Support 116 | 32 40 40 40 28 60 56 56 56 96 116 100 100 80 103 103 82 82 Greatest Overweight (x) 9 | . . 5 4 9 3 1 1 1 6 1 . 1 1 1 9 1 4 Average Overweight (x) 1 | . . . 2 3 1 1 1 1 . . . . 1 . 2 . . Largest Inventory Capacity 25 | 8 8 25 25 25 20 20 20 20 20 15 15 15 15 15 15 15 15 Average Capacity 16 | 7 6 12 25 21 20 20 20 20 15 15 15 15 15 15 15 15 14 Most Carried 25 | 7 8 25 25 20 20 20 20 20 20 15 15 15 15 15 15 15 15 Average Carried 15 | 2 6 7 24 17 19 18 19 18 13 13 14 14 15 13 14 14 14 Final Capacity 25 | 8 5 25 25 20 20 20 20 20 15 15 15 15 15 15 15 15 5 Final Carried 25 | 7 5 25 11 19 19 20 19 14 15 15 15 15 15 13 15 15 5 Class Distribution -------------------- 17% | Mutant 15% | Tank 12% | Commander-Mutant 11% | Scavenger-Gunner 10% | Scavenger-Mutant 5% | Derelict-Tank 4% | Scavenger-Gladiator 4% | Scavenger-Executioner 4% | Scavenger-Tank 4% | Scientist-Gunner 3% | Commander-Tank Dominant Class ---------------- Mutant | -10/Materials Mutant | -10/Subcaves Scavenger-Mutant | -7/Recycling Commander-Mutant | -7/Scraptown Tank | -5/Factory Tank | -5/Upper Caves Tank | -5/Upper Caves Skirmisher | -5/Zhirov Scavenger-Mutant | -4/Proximity Caves Scavenger-Gladiator | -4/Factory Scavenger-Gunner | -4/Extension Scavenger-Tank | -4/Cetus Scavenger-Tank | -4/Archives Scavenger-Tank | -4/Hub_04(d) Scavenger-Gunner | -3/Research Scientist-Gunner | -3/Quarantine Scientist-Gunner | -3/Protoforge Resources | -11 -10 -10 -7 -7 -5 -5 -5 -5 -4 -4 -4 -4 -4 -4 -3 -3 -3 ----------- Run | Yrd Mat Sub Rec Scr Fac Upp Upp Zhi Pro Fac Ext Cet Arc Hub Res Qua Frg Matter Collected 8136 | 224 143 403 70 70 2138 207 36 144 708 1110 505 298 . 430 451 266 933 Remotely . | . . . . . . . . . . . . . . . . . . Salvage Created 11083 | 147 210 413 191 . 3842 250 306 348 774 1463 995 430 7 969 383 95 260 Parts 396 | 7 10 37 5 . 129 8 5 3 33 58 30 9 1 31 13 3 14 Haulers Intercepted 6 | . . . . . 3 . . . . 1 . . . 1 1 . . Recyclers Shooed 5 | . . . . . 3 . . . . . 1 . . 1 . . . Parts Field Recycled . | . . . . . . . . . . . . . . . . . . Retrieved Matter . | . . . . . . . . . . . . . . . . . . Parts Self-Destructed 89 | . . 15 . . . 8 2 2 62 . . . . . . . . Prevented 47 | . . . . . . . . . 47 . . . . . . . . Parts Restored . | . . . . . . . . . . . . . . . . . . Kills | -11 -10 -10 -7 -7 -5 -5 -5 -5 -4 -4 -4 -4 -4 -4 -3 -3 -3 ------- Run | Yrd Mat Sub Rec Scr Fac Upp Upp Zhi Pro Fac Ext Cet Arc Hub Res Qua Frg Combat Hostiles Destroyed 148 | . 5 15 4 . 44 5 4 . 12 20 11 5 . 13 4 1 5 Melee 21 | . . . . . . . . . . 18 3 . . . . . . Guns 79 | . 5 4 2 . 28 5 2 . 11 1 7 4 . 9 . . 1 Cannons 21 | . . 7 . . 4 . . . . . . . . 1 4 1 4 AOE 15 | . . 4 2 . 6 . . . . 1 . . . 2 . . . Classes Destroyed 20 | 2 1 3 2 . 9 . . . 2 . . . . . . 1 . Worker 12 | . . . . . 7 . . . . 2 . . . . 2 1 . Builder 12 | . . . . . 8 . . . . 1 . . . 1 . . 2 Tunneler 3 | 2 . . . . . . . . . 1 . . . . . . . Hauler 6 | . . . . . 3 . . . . 1 . . . 1 1 . . Recycler 8 | 1 . . . . 6 . . . . . 1 . . . . . . Turret 2 | . . 2 . . . . . . . . . . . . . . . Watcher 10 | . . . . . 3 . . . . . 1 1 . 1 1 2 1 Swarmer 12 | . . 7 . . 2 2 . . 1 . . . . . . . . Saboteur 2 | . . . . . . . . . 2 . . . . . . . . Grunt 46 | . 5 . 1 . 17 2 1 . . 9 3 . . 8 . . . Brawler 4 | . . . . . 2 . . . 2 . . . . . . . . Duelist 3 | . . . . . 2 . . . . 1 . . . . . . . Protector 1 | . . . . . . . . . 1 . . . . . . . . Sentry 21 | . . . 2 . 2 1 3 . . 1 4 . . 3 3 . 2 Specialist 6 | . . . . . 6 . . . . . . . . . . . . Hunter 17 | . . . . . 4 . . . 4 2 4 . . . . . 3 Programmer 19 | . . . 1 . 8 . . . 2 6 . . . 1 1 . . Heavy 2 | . . . . . 1 . . . . . . . . 1 . . . Cetus Guard 5 | . . . . . . . . . . . . 5 . . . . . Alpha 7 1 | . . . . . . . . . . . . . . . . 1 . Subdweller 8 | . . 8 . . . . . . . . . . . . . . . Thug 1 | . . . . . . . . . . . . 1 . . . . . Butcher 1 | . . . . . . . . . . 1 . . . . . . . Best Kill Streak 8 | 3 5 6 3 . 8 5 2 . 6 3 3 4 . 8 1 1 4 Combat Bots Only 7 | . 5 4 3 . 6 5 2 . 6 2 2 3 . 7 1 1 2 Max Kills in Single Turn 4 | 1 1 4 2 . 2 1 1 . 1 1 1 2 . 2 1 1 3 Gunslinging . | . . . . . . . . . . . . . . . . . . Exploded 4 | . . 4 2 . 2 . . . . 1 . . . 1 . . . Melee 1 | . . . . . . . . . . 1 1 . . . . . . Uniques/NPCs Destroyed . | . . . . . . . . . . . . . . . . . . Combat | -11 -10 -10 -7 -7 -5 -5 -5 -5 -4 -4 -4 -4 -4 -4 -3 -3 -3 -------- Run | Yrd Mat Sub Rec Scr Fac Upp Upp Zhi Pro Fac Ext Cet Arc Hub Res Qua Frg Hostile Shots Fired 1618 | . 23 70 28 . 330 19 20 . 231 366 110 66 23 123 37 35 137 Missed 536 | . 8 19 13 . 110 4 8 . 75 129 41 19 9 34 16 9 42 Hits 1082 | . 15 51 15 . 220 15 12 . 156 237 69 47 14 89 21 26 95 Melee 15 | . . . . . 1 . . . 2 12 . . . . . . . Projectile 1067 | . 15 51 15 . 219 15 12 . 154 225 69 47 14 89 21 26 95 AOE 2 | . . . . . 1 . . . 1 . . . . . . . . Critical Strikes 66 | . . 3 1 . 12 . 1 . 10 11 2 4 1 12 . 1 8 Damage Taken 23351 | 38 165 789 155 . 4753 199 256 . 2732 4287 1387 1240 1055 2140 690 445 3020 Core 4158 | 19 . 156 38 . 571 . . . 705 850 82 55 154 161 28 71 1268 Absorbed by Shields 1099 | . . . . . 105 71 76 . 261 549 . . . . . . 37 Redirected to Shielding 38 | . . . . . 38 . . . . . . . . . . . . Ignored by Resistances 242 | . . . . . . . . . . 242 . . . . . . . Regen/Repaired (Parts) 476 | . . . . 255 . . . . 221 . . . . . . . . Core Remaining (%) 54 | 92 . . . 80 . . . . 14 . . . . 31 . . . Volleys Fired 473 | 6 19 36 8 2 169 10 14 1 42 5 32 19 . 30 27 28 25 Largest 9 | 2 2 2 2 1 4 3 3 1 4 3 5 5 . 9 5 5 5 Hottest 718 | 60 100 148 110 . 328 224 224 . 318 234 308 263 . 718 440 291 310 Shots Fired 1269 | 12 36 71 15 2 443 30 39 1 116 14 95 69 1 139 61 56 69 Gun 954 | 12 35 35 7 . 328 30 39 . 116 14 86 50 1 117 36 27 21 Cannon 298 | . . 33 7 . 106 . . . . . 9 19 . 22 25 29 48 Launcher 12 | . . 3 1 . 8 . . . . . . . . . . . . Special 5 | . 1 . . 2 1 . . 1 . . . . . . . . . Kinetic 534 | 6 18 38 8 . 251 . . . . . 8 40 1 56 31 29 48 Thermal 692 | . 2 33 7 . 191 30 39 . 116 14 70 29 . 83 30 27 21 Explosive . | . . . . . . . . . . . . . . . . . . Electromagnetic 39 | 6 16 . . . . . . . . . 17 . . . . . . Robot Hit Streak 30 | 3 11 9 6 8 30 19 17 18 21 15 11 25 2 27 13 9 11 Robot Miss Streak 5 | 1 2 3 2 . 5 1 1 . 4 2 3 2 . 3 2 3 2 Penetration Max 1 | . . . . . 1 . . . . . . 1 . 1 1 . 1 Secondary Targets 12 | . . . . . 3 1 1 . 5 . 1 . . 1 . . . Max Gunslinging Chain 1 | . . . . . 1 1 1 . 1 . 1 . . 1 . . . Shots Hit Robots 1010 | 7 25 40 12 2 310 21 27 16 87 104 90 56 1 98 43 33 38 Core Hits 425 | 3 8 25 7 . 133 9 7 4 34 45 37 24 . 42 15 13 19 Critical Kills 13 | . . . . . 7 . . . . . . 3 . 3 . . . Critical Parts Destroyed 21 | . . . . . 11 . . . . . . 2 . 7 1 . . Critical Strikes 104 | . . 1 . . 22 . 1 . 1 20 14 6 . 17 7 8 7 Burn 25 | . . . . . 1 . 1 . 1 . 8 . . 6 5 3 . Meltdown 4 | . . . . . 3 . . . . . . 1 . . . . . Destroy 34 | . . 1 . . 15 . . . . . . 5 . 11 2 . . Blast 15 | . . . . . 3 . . . . . . . . . . 5 7 Corrupt 1 | . . . . . . . . . . . 1 . . . . . . Sever 25 | . . . . . . . . . . 20 5 . . . . . . Melee Attacks 170 | . . . . . . . . 15 5 129 21 . . . . . . Impact . | . . . . . . . . . . . . . . . . . . Slashing 157 | . . . . . . . . 15 . 121 21 . . . . . . Piercing 13 | . . . . . . . . . 5 8 . . . . . . . Sneak Attacks 9 | . . . . . . . . . . 7 2 . . . . . . Combat Hostiles . | . . . . . . . . . . . . . . . . . . Follow-up Attacks 11 | . . . . . . . . . . 11 . . . . . . . Damage Inflicted 33608 | 162 327 1146 468 . 10302 623 801 1064 2291 4637 2796 1825 21 3456 1330 967 1392 Guns 18088 | 89 327 332 124 . 6958 623 801 . 2285 108 1504 1300 21 2229 657 346 384 Cannons 6867 | . . 505 182 . 2461 . . . . . 211 525 . 681 673 621 1008 Explosions 2001 | 73 . 309 162 . 883 . . . . 28 . . . 546 . . . Melee 6652 | . . . . . . . . 1064 6 4501 1081 . . . . . . Ramming . | . . . . . . . . . . . . . . . . . . Kinetic 12119 | 26 156 641 286 . 6313 . . . . . 128 1138 21 1159 622 621 1008 Thermal 14235 | 73 11 505 182 . 3894 623 801 . 2285 108 1331 687 . 2297 708 346 384 Explosive 28 | . . . . . . . . . . 28 . . . . . . . Electromagnetic 574 | 63 160 . . . 95 . . . . . 256 . . . . . . Impact . | . . . . . . . . . . . . . . . . . . Slashing 6628 | . . . . . . . . 1064 . 4483 1081 . . . . . . Piercing 24 | . . . . . . . . . 6 18 . . . . . . . Highest Corruption 28 | . . 9 . . 6 6 6 6 28 4 8 8 8 8 . 1 10 Average Corruption 7 | . . 8 . . 4 6 6 6 17 2 7 8 8 8 . 1 1 Corruption Purged . | . . . . . . . . . . . . . . . . . . Corruption Blocked . | . . . . . . . . . . . . . . . . . . Effects 246 | . . 16 . . 35 11 13 11 59 12 41 12 5 23 . 1 7 Message Errors 53 | . . 2 . . 13 . 2 1 16 2 7 2 . 5 . 1 2 Matter Fused 50 | . . 4 . . 4 4 1 4 14 1 8 1 2 6 . . 1 Heat Flow Errors 32 | . . 1 . . 3 4 . 3 7 2 6 2 . 3 . . 1 Energy Discharges 31 | . . 3 . . 3 2 1 1 8 2 3 2 2 1 . . 3 Parts Rejected 2 | . . . . . . . 1 . . 1 . . . . . . . Parts Fused 4 | . . . . . . . 1 1 . . 2 . . . . . . Data Loss (minor) 37 | . . 3 . . 3 . 5 1 7 3 10 1 . 4 . . . Data Loss (major) 11 | . . . . . 3 1 1 . 3 1 . 2 . . . . . Misfires 8 | . . 2 . . . . . . 2 . 1 2 1 . . . . Alerts 3 | . . . . . 2 . . . . . 1 . . . . . . Weapon Failures 15 | . . 1 . . 4 . 1 . 2 . 3 . . 4 . . . Overload Shots 1 | . . . . . . . . . . . . 1 . . . . . Effects 1 | . . . . . . . . . . . . 1 . . . . . Heat Surge 1 | . . . . . . . . . . . . 1 . . . . . Overflow Damage 836 | 12 . 2 41 . 25 . . 257 . 333 91 . . 75 . . . Projectiles 125 | . . 2 41 . 25 . . . . . . . . 57 . . . Explosions 30 | 12 . . . . . . . . . . . . . 18 . . . Melee 681 | . . . . . . . . 257 . 333 91 . . . . . . Knockbacks 8 | . . . . . 5 . . . . . . . . . . 2 1 Impact . | . . . . . . . . . . . . . . . . . . Kinetic 8 | . . . . . 5 . . . . . . . . . . 2 1 Secondary . | . . . . . . . . . . . . . . . . . . Self-Inflicted Damage 182 | 39 . . 4 . 17 . . . . 42 . . . 80 . . . Shots 5 | 1 . . 1 . 1 . . . . 1 . . . 1 . . . Rammed . | . . . . . . . . . . . . . . . . . . Targets Rammed . | . . . . . . . . . . . . . . . . . . Kicked . | . . . . . . . . . . . . . . . . . . Crushed . | . . . . . . . . . . . . . . . . . . Highest Temperature 561 | 12 84 408 179 . 314 70 17 108 206 238 327 158 . 561 105 . . Average Temperature 100 | 12 36 103 84 . 119 28 17 58 57 60 81 89 . 154 41 . . Received Heat Transfer 3887 | . 90 1011 77 . 556 66 39 . 397 645 153 63 75 526 63 9 117 Effects 10 | . . 3 . . . . . . . . . . . 7 . . . Shutdowns 1 | . . . . . . . . . . . . . . 1 . . . Energy Bleed 1 | . . . . . . . . . . . . . . 1 . . . Interference 7 | . . 2 . . . . . . . . . . . 5 . . . Matter Decay 1 | . . 1 . . . . . . . . . . . . . . . Siege Activations . | . . . . . . . . . . . . . . . . . . Martial Activations . | . . . . . . . . . . . . . . . . . . Shielding Activations . | . . . . . . . . . . . . . . . . . . Robots Disrupted . | . . . . . . . . . . . . . . . . . . Combat Hostiles . | . . . . . . . . . . . . . . . . . . Robots Corrupted . | . . . . . . . . . . . . . . . . . . Combat Hostiles . | . . . . . . . . . . . . . . . . . . Parts Fried . | . . . . . . . . . . . . . . . . . . Impact Corruptions . | . . . . . . . . . . . . . . . . . . Robots Melted 18 | . . . . . 11 . 2 . 1 . 1 1 . 1 1 . . Combat Hostiles 11 | . . . . . 5 . 2 . 1 . 1 1 . 1 . . . Parts Melted 46 | . . 3 1 . 20 2 6 . 2 . 5 1 . 4 2 . . Heat Transferred 21447 | 100 25 814 222 . 6404 777 1073 . 2866 198 2627 801 . 2700 1450 909 481 Parts Sabotaged 2 | . . . . . . . . . 2 . . . . . . . . Parts Stolen . | . . . . . . . . . . . . . . . . . . Parts Stripped . | . . . . . . . . . . . . . . . . . . Power Chain Reactions 4 | 1 . . . . . . . . . . . . . 3 . . . Alert | -11 -10 -10 -7 -7 -5 -5 -5 -5 -4 -4 -4 -4 -4 -4 -3 -3 -3 ------- Run | Yrd Mat Sub Rec Scr Fac Upp Upp Zhi Pro Fac Ext Cet Arc Hub Res Qua Frg Maximum Alert Level 5 | . . . . . 5 . . . . 2 2 1 . 1 . . 1 Low Security (%) 56 | 100 100 . 100 . 19 . . . . 75 . . 100 82 100 100 82 Level 1 18 | . . . . . 16 . . . . 17 46 100 . 17 . . 17 Level 2 10 | . . . . . 12 . . . . 7 52 . . . . . . Level 3 4 | . . . . . 17 . . . . . . . . . . . . Level 4 7 | . . . . . 25 . . . . . . . . . . . . Level 5 . | . . . . . . . . . . . . . . . . . . High Security 2 | . . . . . 8 . . . . . . . . . . . . Max Security . | . . . . . . . . . . . . . . . . . . Peak Influence 1863 | 10 101 . 80 . 1863 . . . . 434 622 364 103 260 173 108 244 Initial 291 | . 6 . 33 . . . . . . 20 207 291 103 8 126 69 24 Average 328 | 1 47 . 17 . 814 . . . . 120 415 302 74 85 52 74 96 Influence Increases 8629 | 15 155 265 169 . 2723 100 106 15 658 1379 1105 235 42 536 488 156 482 Destroy 0b10 Robot/C 4040 | . 100 180 80 . 1180 100 100 . 380 500 660 160 20 260 180 20 120 Destroy 0b10 Robot/NC 320 | 15 . . 5 . 145 . . 15 10 25 15 10 5 15 30 15 15 Destroy Leader 720 | . 20 10 . . 292 . . . 30 92 92 . . 74 64 4 42 Allied During Kill 634 | . . . . . 82 . 6 . 118 45 264 38 2 . 77 . 2 Successful Hack 353 | . 4 . 62 . 125 . . . . 96 18 . . . 12 . 36 Select Force Hacks 50 | . . . . . . . . . . . . . . . . . 50 Disable Machine 360 | . . . . . 135 . . . . 15 . 15 . 105 45 30 15 Destroy Structure 623 | . 1 . 22 . 322 . . . . 74 26 12 . 82 20 12 52 Partial Spotted 90 | . . . . . 30 . . . . 15 . . 15 . . . 30 Lose Combat Pursuer 1035 | . 30 75 . . 120 . . . 120 405 30 . . . 60 75 120 Miscellaneous 404 | . . . . . 292 . . . . 112 . . . . . . . Influence Decreases 8476 | 5 154 205 240 . 880 920 463 681 625 988 1009 497 275 319 606 235 374 Entered New Map 2414 | . 4 6 38 . . 682 195 666 . 13 217 229 155 17 116 55 21 Time Decay 4009 | 5 140 163 202 . 600 238 238 15 335 480 422 198 60 188 342 170 213 Search Patrol Dispatched 100 | . . . . . . . . . . 100 . . . . . . . Lost Part 1100 | . 10 36 . . 150 . 10 . 190 260 90 50 20 114 20 10 140 Lost Ally 853 | . . . . . 130 . 20 . 100 135 280 20 40 . 128 . . Squads Dispatched 65 | . 2 . . . 30 . . . 1 9 6 . . 3 5 2 7 Investigation 24 | . 1 . . . 9 . . . 1 3 1 . . . 4 . 5 Extermination 10 | . . . . . 4 . . . . 4 . . . 1 . . 1 Reinforcement 18 | . 1 . . . 6 . . . . 2 3 . . 2 1 2 1 Assault 13 | . . . . . 11 . . . . . 2 . . . . . . Garrison . | . . . . . . . . . . . . . . . . . . Intercept . | . . . . . . . . . . . . . . . . . . Searches Triggered 1 | . . . . . . . . . . 1 . . . . . . . Construction Impeded 3 | . . . . . 1 . . . . . 1 . . . . . 1 Haulers Reinforced 4 | . . . . . 1 . . . . 1 . . . 1 1 . . Active Scanning Responses . | . . . . . . . . . . . . . . . . . . Cargo Convoy Interrupts 1 | . . . . . 1 . . . . . . . . . . . . Stealth | -11 -10 -10 -7 -7 -5 -5 -5 -5 -4 -4 -4 -4 -4 -4 -3 -3 -3 --------- Run | Yrd Mat Sub Rec Scr Fac Upp Upp Zhi Pro Fac Ext Cet Arc Hub Res Qua Frg Distress Signals 36 | . 1 . 1 . 5 . . . 1 5 2 2 2 3 8 1 5 Communications Jammed 126 | . . . . . 126 . . . . . . . . . . . . Distress Signals 118 | . . . . . 118 . . . . . . . . . . . . Times Spotted 378 | . 6 24 5 . 82 4 5 . 52 71 31 8 14 22 20 10 24 Peak Tracking Total 14 | . 5 6 4 . 6 4 3 . 14 12 7 5 12 9 6 4 8 Tactical Retreats 33 | . 1 2 . . 6 . . . 2 11 2 . . . 2 2 5 Traps | -11 -10 -10 -7 -7 -5 -5 -5 -5 -4 -4 -4 -4 -4 -4 -3 -3 -3 ------- Run | Yrd Mat Sub Rec Scr Fac Upp Upp Zhi Pro Fac Ext Cet Arc Hub Res Qua Frg Traps Triggered 12 | . 1 . . . 4 . . . . 1 2 . . . 3 . 1 Indirectly . | . . . . . . . . . . . . . . . . . . Trap Hack Attempts . | . . . . . . . . . . . . . . . . . . Triggered . | . . . . . . . . . . . . . . . . . . Disarmed . | . . . . . . . . . . . . . . . . . . Reprogrammed . | . . . . . . . . . . . . . . . . . . Reused . | . . . . . . . . . . . . . . . . . . Traps Extracted . | . . . . . . . . . . . . . . . . . . Installed . | . . . . . . . . . . . . . . . . . . Triggered . | . . . . . . . . . . . . . . . . . . Objects Rigged 4 | . . . . . . . . . . 4 . . . . . . . Machines | -11 -10 -10 -7 -7 -5 -5 -5 -5 -4 -4 -4 -4 -4 -4 -3 -3 -3 ---------- Run | Yrd Mat Sub Rec Scr Fac Upp Upp Zhi Pro Fac Ext Cet Arc Hub Res Qua Frg Machines Disabled 31 | . . 4 . . 9 1 . . . 1 . 2 . 7 3 3 1 Max in Single Turn 3 | . . 3 . . 2 1 . . . 1 . 1 . 2 1 1 1 Machines Repaired . | . . . . . . . . . . . . . . . . . . Machines Dismantled . | . . . . . . . . . . . . . . . . . . Machines Sabotaged . | . . . . . . . . . . . . . . . . . . Overloaded Fab Kills . | . . . . . . . . . . . . . . . . . . Hacking | -11 -10 -10 -7 -7 -5 -5 -5 -5 -4 -4 -4 -4 -4 -4 -3 -3 -3 --------- Run | Yrd Mat Sub Rec Scr Fac Upp Upp Zhi Pro Fac Ext Cet Arc Hub Res Qua Frg Machines Accessed 71 | . 2 4 5 3 19 . 1 4 1 12 2 1 1 1 3 2 10 Terminals 30 | . 2 . 5 . 11 . . . . 5 2 1 . 1 . 1 2 Fabricators 9 | . . . . . 2 . . . . 3 . . . . 2 . 2 Repair Stations 1 | . . . . . . . . . 1 . . . . . . . . Recycling Units 11 | . . . . . 5 . . . . 3 . . . . . . 3 Scanalyzers 7 | . . . . . 1 . . . . 1 . . . . 1 1 3 Garrison Access . | . . . . . . . . . . . . . . . . . . Total Hacks 185 | . 6 7 12 9 41 . 1 17 3 20 4 2 25 2 8 2 26 Successful 115 | . 3 7 6 9 20 . 1 17 1 12 3 . 25 . 4 1 6 Failed 70 | . 3 . 6 . 21 . . . 2 8 1 2 . 2 4 1 20 Catastrophic 23 | . . . 3 . 8 . . . . 3 . 1 . 1 1 1 5 Database Lockouts . | . . . . . . . . . . . . . . . . . . Manual 59 | . 3 . 5 . 19 . . . . 13 1 . . 2 . . 16 Terminals 71 | . 6 . 12 . 26 . . . . 9 4 2 . 2 . 1 9 Fabricators 20 | . . . . . 6 . . . . 4 . . . . 6 . 4 Repair Stations 3 | . . . . . . . . . 3 . . . . . . . . Recycling Units 20 | . . . . . 7 . . . . 5 . . . . . . 8 Scanalyzers 12 | . . . . . 2 . . . . 2 . . . . 2 1 5 Garrison Access . | . . . . . . . . . . . . . . . . . . Terminal Hacks 77 | . 2 7 4 9 6 . 1 17 . 2 2 . 25 . . 1 1 Record 43 | . . 4 . 9 . . . 5 . . . . 25 . . . . Part Schematic 5 | . . . 1 . . . . 4 . . . . . . . . . Robot Analysis 7 | . 1 . 1 . 1 . . 4 . . . . . . . . . Prototype ID Bank 7 | . . . 1 . 1 . . 4 . 1 . . . . . . . Open Door 3 | . . 1 . . . . 1 . . . . . . . . 1 . Branch Access Points 2 | . . . . . 1 . . . . 1 . . . . . . . Emergency Access Points 1 | . 1 . . . . . . . . . . . . . . . . Terminal Index 1 | . . . 1 . . . . . . . . . . . . . . Scanalyzer Index 1 | . . . . . 1 . . . . . . . . . . . . Locate Traps 3 | . . . . . 1 . . . . . 1 . . . . . 1 Security Status 1 | . . . . . 1 . . . . . . . . . . . . Zone Layout 1 | . . . . . . . . . . . 1 . . . . . . Proto ID Catalog 1 | . . 1 . . . . . . . . . . . . . . . Release Object 1 | . . 1 . . . . . . . . . . . . . . . Fabricator Hacks 6 | . . . . . 3 . . . . 1 . . . . 2 . . Network Status 1 | . . . . . . . . . . 1 . . . . . . . Load Schematic 3 | . . . . . 1 . . . . . . . . . 2 . . Build 2 | . . . . . 2 . . . . . . . . . . . . Repair Station Hacks 1 | . . . . . . . . . 1 . . . . . . . . Scan Component 1 | . . . . . . . . . 1 . . . . . . . . Recycling Unit Hacks . | . . . . . . . . . . . . . . . . . . Scanalyzer 6 | . . . . . 2 . . . . 1 . . . . 2 . 1 Insert Component 1 | . . . . . . . . . . . . . . . . . 1 Retrieve Study 5 | . . . . . 2 . . . . 1 . . . . 2 . . Garrison Access Hacks . | . . . . . . . . . . . . . . . . . . Unauthorized Hacks 25 | . 1 . 2 . 9 . . . . 8 1 . . . . . 4 Terminals 15 | . 1 . 2 . 5 . . . . 3 1 . . . . . 3 Track 1 | . . . . . 1 . . . . . . . . . . . . Assimilate 2 | . . . . . . . . . . 1 . . . . . . 1 Botnet 9 | . 1 . 2 . 3 . . . . 1 1 . . . . . 1 Detonate 1 | . . . . . . . . . . 1 . . . . . . . Operators 2 | . . . . . 1 . . . . . . . . . . . 1 Fabricators 3 | . . . . . . . . . . 2 . . . . . . 1 Fabnet 2 | . . . . . . . . . . 2 . . . . . . . Overload 1 | . . . . . . . . . . . . . . . . . 1 Repair Stations . | . . . . . . . . . . . . . . . . . . Recycling Units 7 | . . . . . 4 . . . . 3 . . . . . . . Fedlink 7 | . . . . . 4 . . . . 3 . . . . . . . Scanalyzers . | . . . . . . . . . . . . . . . . . . Garrison Access . | . . . . . . . . . . . . . . . . . . Data Cores Recovered 1 | . . . . . 1 . . . . . . . . . . . . Used . | . . . . . . . . . . . . . . . . . . Hacking Detections 46 | . 1 . 4 . 14 . . . 1 10 1 1 . 1 3 1 9 Full Trace Events 16 | . 1 . 3 . 5 . . . 1 . . . . . 2 . 4 Feedback Events 2 | . . . . . . . . . 1 . . . . . . . 1 Corruption 2 | . . . . . . . . . 1 . . . . . . . 1 Feedback Blocked . | . . . . . . . . . . . . . . . . . . Robot Schematics Acquired . | . . . . . . . . . . . . . . . . . . Robots Built . | . . . . . . . . . . . . . . . . . . Authchips . | . . . . . . . . . . . . . . . . . . Time . | . . . . . . . . . . . . . . . . . . Total Robot Build Rating . | . . . . . . . . . . . . . . . . . . Part Schematics Acquired 44 | . . . 1 . 11 2 . 6 13 7 1 1 2 . . . . Parts Built 3 | . . . . . 3 . . . . . . . . . . . . Authchips . | . . . . . . . . . . . . . . . . . . Time 223 | . . . . . 223 . . . . . . . . . . . . Total Part Build Rating 22 | . . . . . 22 . . . . . . . . . . . . Part Studies Acquired 5 | . . . . . 2 . . . . 1 . . . . 2 . . Parts Repaired . | . . . . . . . . . . . . . . . . . . Time . | . . . . . . . . . . . . . . . . . . Parts Recycled . | . . . . . . . . . . . . . . . . . . Recycled Matter . | . . . . . . . . . . . . . . . . . . Retrieved Matter . | . . . . . . . . . . . . . . . . . . Retrieved Components . | . . . . . . . . . . . . . . . . . . Parts Scanalyzed . | . . . . . . . . . . . . . . . . . . Part Schematics Acquired . | . . . . . . . . . . . . . . . . . . Parts Damaged . | . . . . . . . . . . . . . . . . . . Bothacking | -11 -10 -10 -7 -7 -5 -5 -5 -5 -4 -4 -4 -4 -4 -4 -3 -3 -3 ------------ Run | Yrd Mat Sub Rec Scr Fac Upp Upp Zhi Pro Fac Ext Cet Arc Hub Res Qua Frg Used RIF Installer . | . . . . . . . . . . . . . . . . . . Robots Hacked 5 | . . . . . . . . . . . . . . . 4 . 1 Non-combat . | . . . . . . . . . . . . . . . . . . Combat 5 | . . . . . . . . . . . . . . . 4 . 1 Robot Hacks Applied . | . . . . . . . . . . . . . . . . . . Relay Couplers Released . | . . . . . . . . . . . . . . . . . . Fabnet Peak Effective % 3 | . . . . . . . . . . . . . . . 3 3 3 Autooverrided 5 | . . . . . . . . . . . . . . . 4 . 1 Robots Rewired 29 | . . . 7 . . 1 . . 3 . 18 . . . . . . Allies Hacked 3 | . . . . . 1 . . . 1 . . . . . 1 . . Hacks Repelled . | . . . . . . . . . . . . . . . . . . Allies | -11 -10 -10 -7 -7 -5 -5 -5 -5 -4 -4 -4 -4 -4 -4 -3 -3 -3 -------- Run | Yrd Mat Sub Rec Scr Fac Upp Upp Zhi Pro Fac Ext Cet Arc Hub Res Qua Frg Total Allies 65 | . . . 7 1 5 1 . 1 6 9 21 3 . . 10 . 1 Largest Group 11 | . . . 7 8 8 1 1 1 4 5 11 4 3 . 6 . 1 Highest-Rated Group 421 | . . . 148 199 199 49 49 66 156 150 421 137 106 . 409 . 64 Highest-Rated Ally 99 | . . . 40 51 54 49 49 66 66 77 51 46 44 . 99 . 64 Initial UFD Resources 75 | . . . . . 37 55 55 55 57 57 73 73 73 73 75 75 75 Total Orders . | . . . . . . . . . . . . . . . . . . Ally Attacks 357 | . . . 6 . 54 . 7 . 43 48 106 30 6 . 50 . 7 Total Damage 10531 | . . . 87 . 1948 . 337 . 1880 1013 2630 704 148 . 1534 . 250 Kills 71 | . . . 1 . 17 . 1 . 8 5 25 4 2 . 7 . 1 Allies Corrupted 4 | . . . . . . . . . 1 . 2 . . . 1 . . Allies Melted . | . . . . . . . . . . . . . . . . . . X0-1V1 Amusement Gains 488 | . 15 10 10 . 100 . 10 10 89 33 30 . 60 . 60 10 51 Average Entertainment 54 | . 15 11 10 . 41 39 24 . 69 99 87 66 41 52 60 68 57 Good Acts 113 | . . 18 8 . 28 1 2 . 2 12 5 3 . 4 11 8 11 Bad Acts 66 | . . 10 6 . 11 . 4 . 8 12 8 1 2 4 . . . Intel | -11 -10 -10 -7 -7 -5 -5 -5 -5 -4 -4 -4 -4 -4 -4 -3 -3 -3 ------- Run | Yrd Mat Sub Rec Scr Fac Upp Upp Zhi Pro Fac Ext Cet Arc Hub Res Qua Frg Active Infowar (turns) 6549 | . . . . . 1928 228 375 359 485 847 331 186 122 289 650 344 405 Sensors 1633 | . . . . . . . . . . 100 134 . . . 650 344 405 Structural 2965 | . . . . . . 228 375 359 485 724 197 186 122 289 . . . Traps 261 | . . . . . . . . . . 261 . . . . . . . Jamming 1928 | . . . . . 1928 . . . . . . . . . . . . Robot Analysis Total 7 | . 1 . 1 . 1 . . 4 . . . . . . . . . Derelict Logs Recovered 9 | . . 1 . 5 . 1 2 . . . . . . . . . . Drone Launches . | . . . . . . . . . . . . . . . . . . Drone Recoveries . | . . . . . . . . . . . . . . . . . . Exploration | -11 -10 -10 -7 -7 -5 -5 -5 -5 -4 -4 -4 -4 -4 -4 -3 -3 -3 ------------- Run | Yrd Mat Sub Rec Scr Fac Upp Upp Zhi Pro Fac Ext Cet Arc Hub Res Qua Frg Turns Passed 15615 | 78 328 1995 706 1672 2569 514 501 359 1323 1378 1028 414 122 582 1189 348 509 Spaces Moved 10698 | 43 151 1323 437 1115 1409 416 406 241 855 1099 630 189 61 223 934 416 750 Core 39 | 3 . . . . . . . . 2 . . . . . . . 34 Treads 813 | . 67 554 . . . . . . . . . 77 12 81 22 . . Legs 1604 | . . . . . . . . . 336 546 419 112 49 142 . . . Wheels 5523 | 40 84 769 437 1115 1409 416 406 241 334 . . . . . 259 . 13 Hover 2719 | . . . . . . . . . 183 553 211 . . . 653 416 703 Flight . | . . . . . . . . . . . . . . . . . . Fastest Speed 30 | 50 100 100 129 115 99 105 105 105 30 30 40 120 190 160 44 48 44 Average Speed 109 | 96 126 136 135 141 114 105 105 105 118 76 93 168 199 192 92 51 48 Slowest Speed 360 | 100 160 175 150 215 145 105 105 105 360 190 120 240 240 240 205 105 130 Overloaded Moves 7 | . . . . . . . . . 3 4 . . . . . . . Propulsion Burnouts . | . . . . . . . . . . . . . . . . . . Robots Hopped 2 | . . . . . 1 . . . . . 1 . . . . . . Potential Cave-ins . | . . . . . . . . . . . . . . . . . . Cave-ins Triggered . | . . . . . . . . . . . . . . . . . . Teleports 1 | . . . . . . . . . 1 . . . . . . . . Exploration Rate (%) 52 | 5 29 84 79 62 47 59 62 61 56 31 77 74 79 23 25 44 39 Regions Visited 17 Branch Regions 13 Pre-discovered Areas 6 | . . . . 1 1 . 1 3 . . . . . . . . . Known Exits Taken 9 | . . 1 . . 1 . . . 1 1 1 1 1 . 1 1 . Unknown Exits Taken 8 | 1 1 . 1 1 . 1 1 1 . . . . . 1 . . . Scrap Searched 12 | . . . . 8 . 3 1 . . . . . . . . . . Spaces Dug 68 | . . . . . 26 3 6 . . 20 . . . 6 2 . 5 Terrain Destroyed 427 | 2 . 39 21 . 214 5 9 . 14 31 4 2 . 43 10 6 27 Melee 19 | . . . . . . . . . . 19 . . . . . . . Projectile 254 | . . 1 2 . 146 5 9 . 14 1 4 2 . 27 10 6 27 AOE 154 | 2 . 38 19 . 68 . . . . 11 . . . 16 . . . Terrain Rammed . | . . . . . . . . . . . . . . . . . . Walls Destroyed . | . . . . . . . . . . . . . . . . . . Machines Disabled . | . . . . . . . . . . . . . . . . . . Actions | -11 -10 -10 -7 -7 -5 -5 -5 -5 -4 -4 -4 -4 -4 -4 -3 -3 -3 --------- Run | Yrd Mat Sub Rec Scr Fac Upp Upp Zhi Pro Fac Ext Cet Arc Hub Res Qua Frg Total 13497 | 67 250 1447 535 1210 2029 471 448 332 1089 1459 980 240 62 302 1214 511 851 Wait 1167 | . 69 27 15 32 326 25 25 22 64 113 138 2 2 19 195 35 58 Move 10677 | 42 150 1322 436 1114 1406 415 405 240 854 1098 627 188 60 222 933 415 750 Hop 2 | . . . . . 1 . . . . . 1 . . . . . . Pick Up 248 | 13 3 23 3 28 42 5 . 11 29 42 17 6 . 6 13 4 3 Fast Attach 95 | . . 5 . 2 12 . 1 5 16 6 7 7 . 10 16 8 . Attach 130 | 6 2 7 2 3 16 5 1 12 21 26 11 2 . 7 2 2 5 Detach 23 | . . 1 . 1 . 2 . 5 5 5 2 . . . 1 1 . Swap 114 | . 3 8 2 5 22 6 2 2 8 23 12 7 . 4 7 3 . Drop 216 | . 4 18 1 23 32 2 . 19 22 26 17 9 . 4 20 15 4 Fire 473 | 6 19 36 8 2 169 10 14 1 42 5 32 19 . 30 27 28 25 Melee 156 | . . . . . . . . 15 5 115 21 . . . . . . Ram . | . . . . . . . . . . . . . . . . . . Kick . | . . . . . . . . . . . . . . . . . . Crush . | . . . . . . . . . . . . . . . . . . Escape Stasis 6 | . . . . . . . . . . . . . . . . . 6 Rewire 190 | . . . 68 . 3 1 . . 23 . 95 . . . . . . Trap . | . . . . . . . . . . . . . . . . . . Miscellaneous . | . . . . . . . . . . . . . . . . . . Route ------- -11/Scrapyard -10/Materials (discovered 2 exits: [*Mat] / *Sub) -10/Subcaves (discovered 3 exits: *Mat x2 / *Rec) -7/Recycling (discovered 2 exits: *Fac / *Scr) -7/Scraptown (discovered 2 exits: *Fac x2) -5/Factory (discovered 5 exits: *Fac x3 / *Upp x2) -5/Upper Caves -5/Upper Caves (discovered 2 exits: *Fac / *Zhi) -5/Zhirov -4/Proximity Caves -4/Factory (discovered 5 exits: Upp x2 / *Ext x2 / Arm) -4/Extension (discovered 3 exits: *Res x2 / *Cet) -4/Cetus (discovered 2 exits: *Res / *Arc) -4/Archives (discovered 3 exits: *Res / *Hub x2) -4/Hub_04(d) -3/Research -3/Quarantine (discovered 2 exits: *Sec / *Frg) -3/Protoforge History --------- Turn | Location | Event 16 | -11/Scrapyard | Discovered new exit (range 16) 79 | -11/Scrapyard | Entered Materials 271 | -10/Materials | Discovered new exit (range 6) 312 | -10/Materials | Discovered new exit (range 9) 318 | -10/Materials | Build established: Mutant 403 | -10/Materials | Prayed at D.C.S.S. Altar Unit 407 | -10/Materials | Entered Subcaves 420 | -10/Subcaves | Core integrity permanently improved by X0-1V1 (+200) 432 | -10/Subcaves | Shifting Twisted Machinery released Piercing Trap 464 | -10/Subcaves | Shifting Twisted Machinery released Sub. Machine Gun 878 | -10/Subcaves | Identified exit to Materials 878 | -10/Subcaves | X0-1V1 revealed exit location to -8/Materials 1118 | -10/Subcaves | Visited 4L-MR0's lab 1127 | -10/Subcaves | Learned location of 1 exit from Materials 1143 | -10/Subcaves | Found Meta Core 1278 | -10/Subcaves | Identified exit to Recycling 1278 | -10/Subcaves | X0-1V1 revealed exit location to -7/Recycling 1299 | -10/Subcaves | X0-1V1 activates XOMVISION 1319 | -10/Subcaves | X0-1V1 sent hostile G-34 Mercenary (x4) 1330 | -10/Subcaves | X0-1V1 caused items to flee you 1494 | -10/Subcaves | Items stopped fleeing you 1547 | -10/Subcaves | Ambushed by Subdwellers from Twisted Machinery 1671 | -10/Subcaves | X0-1V1 revealed exit location to -8/Materials 1712 | -10/Subcaves | Shifting Twisted Machinery released Sub. Shrapnel Launcher 1720 | -10/Subcaves | Shifting Twisted Machinery released Battle Rifle 1826 | -10/Subcaves | X0-1V1 activates XOMVISION 2003 | -10/Subcaves | Shifting Twisted Machinery released Battle Rifle 2035 | -10/Subcaves | Shifting Twisted Machinery released Mak. Leg 2104 | -10/Subcaves | Visited Clippyterm 2320 | -10/Subcaves | Found SUBCON Basin 2402 | -10/Subcaves | Entered Recycling 2486 | -7/Recycling | Build established: Scavenger-Mutant 2528 | -7/Recycling | Ranged accuracy permanently improved by X0-1V1 (+6%; -60 max core) 2675 | -7/Recycling | X0-1V1 activates XOMVISION 2791 | -7/Recycling | Core integrity restored by X0-1V1 (+78) 2963 | -7/Recycling | Discovered new exit (range 15) 3060 | -7/Recycling | Scanned before Scraplab entrance 3081 | -7/Recycling | Entered Scraplab 3101 | -7/Recycling | Discovered new exit (range 3) 3108 | -7/Recycling | Entered Scraptown 3108 | -7/Scraptown | Accompanied by 7 allies 3132 | -7/Scraptown | Build established: Commander-Mutant 3186 | -7/Scraptown | Visited Spacefarers 3224 | -7/Scraptown | Visited The Evicted 3278 | -7/Scraptown | Scanned Subdweller tech in exchange for log data 3282 | -7/Scraptown | Learned Research terminal intel 3284 | -7/Scraptown | Learned Factory emergency access door positions 3286 | -7/Scraptown | Learned Factory terminal intel 3288 | -7/Scraptown | Learned 8 Factory zone layouts 3291 | -7/Scraptown | Learned location of Quarantine (-3) 3319 | -7/Scraptown | Discovered new exit (range 11) 3473 | -7/Scraptown | Visited Supply Room 3533 | -7/Scraptown | Visited CR-KLE's Repair Center 3564 | -7/Scraptown | Visited UFD Registry 3564 | -7/Scraptown | Registered with UFD as "Arcnuts" 3579 | -7/Scraptown | Visited Bundlers 3817 | -7/Scraptown | Visited Junk Repository 3843 | -7/Scraptown | Visited Cyclists 3854 | -7/Scraptown | Entered Cyclist Reading Room 3943 | -7/Scraptown | CR-KLE repaired 5 parts 4001 | -7/Scraptown | Visited LU-1G1's Boring Crew 4021 | -7/Scraptown | Visited Chapter 10 4042 | -7/Scraptown | Visited Abandonware Association 4051 | -7/Scraptown | Learned abandonware demo "OVRCLOCK.EXE" 4060 | -7/Scraptown | Learned abandonware demo "POISON.EXE" 4109 | -7/Scraptown | Delivered Scrap Shield to a Scientist 4172 | -7/Scraptown | Visited Research Penetration Think Tank 4200 | -7/Scraptown | Visited Scrap Suit Storage 4207 | -7/Scraptown | Found Scrap Suit 4228 | -7/Scraptown | Visited Junk Repository 4274 | -7/Scraptown | Visited Botcube Research 4295 | -7/Scraptown | Visited Supply Room 4324 | -7/Scraptown | Visited Curators Association 4368 | -7/Scraptown | Visited Scrapoid Pod Storage 4463 | -7/Scraptown | Found Scrap Suit 4539 | -7/Scraptown | Found Botcube 4589 | -7/Scraptown | Botcube activated 4607 | -7/Scraptown | Botcube completed mutation into wheeled form, armed with 2 guns 4611 | -7/Scraptown | Attached CPS modules to *Eepy 4615 | -7/Scraptown | Attached CPS modules to Angel 4a 4667 | -7/Scraptown | Found Scrap Suit 4699 | -7/Scraptown | Met Optimus 4699 | -7/Scraptown | Accepted into 0bPrime 4762 | -7/Scraptown | Discovered new exit (range 3) 4780 | -7/Scraptown | Entered Factory 4780 | -5/Factory | Accompanied by 8 allies 4780 | -5/Factory | Evolved 10 slots: Propulsion x2, Utility x6, Weapon x2 4781 | -5/Factory | Identified exit to Upper Caves 4783 | -5/Factory | Loaded intel: 26 terminal locations 4965 | -5/Factory | Discovered new exit (range 13) 4999 | -5/Factory | Melee accuracy permanently improved by X0-1V1 (+9%; -90 max core) 5240 | -5/Factory | X0-1V1 sent you to a vault 5256 | -5/Factory | Found Imp. Powered Armor 5399 | -5/Factory | Found Chaos Jack 5420 | -5/Factory | Tech Extrapolator generated special schematic: Deep Structural Scanner 5525 | -5/Factory | Loaded intel: 8 recycling unit locations 5572 | -5/Factory | Identified exit to Factory 5572 | -5/Factory | X0-1V1 revealed exit location to -4/Factory 5643 | -5/Factory | Learned location of Protoforge (-3) 5659 | -5/Factory | Spotted B-75 Beast 5750 | -5/Factory | Build established: Tank 6088 | -5/Factory | Build established: Derelict-Tank 6092 | -5/Factory | X0-1V1 added 0b10 threat records associated with you (major) 6166 | -5/Factory | Fabricated Enh. Quantum Rifle (x2) 6257 | -5/Factory | Fabricated Deep Structural Scanner (x1) 6280 | -5/Factory | First assault squad dispatched 6500 | -5/Factory | X0-1V1 foreshadows a heat wave 6643 | -5/Factory | Core integrity restored by X0-1V1 (+157) 6663 | -5/Factory | Ambient heat levels rising (+10) 6702 | -5/Factory | X0-1V1 announced a LAN party 6764 | -5/Factory | Found Botcube 6805 | -5/Factory | Build established: Tank 6817 | -5/Factory | X0-1V1 sent allied Butcher (x4) 6839 | -5/Factory | Ambient heat levels rising (+10) 6930 | -5/Factory | Core integrity restored by X0-1V1 (+272) 6950 | -5/Factory | Lost 3 allies 6955 | -5/Factory | Cargo convoy interrupted 6970 | -5/Factory | Ambient heat levels falling (-10) 6984 | -5/Factory | Discovered exit to Factory (range 12) 7062 | -5/Factory | Botcube activated 7080 | -5/Factory | Botcube completed mutation into wheeled form, armed with 2 cannons 7080 | -5/Factory | Attached CPS modules to Mutated Botcube 7126 | -5/Factory | Ambient heat levels falling (-10) 7128 | -5/Factory | High security lockdown imminent 7140 | -5/Factory | X0-1V1 activates XOMVISION 7208 | -5/Factory | High security lockdown engaged 7226 | -5/Factory | X0-1V1 put everyone to sleep 7334 | -5/Factory | Found Botcube 7349 | -5/Factory | Entered Upper Caves 7351 | -5/Upper Caves | UFD Scientist delivered a prototype 7354 | -5/Upper Caves | Found Prototype Protection 7360 | -5/Upper Caves | Identified Enh. Scrap Shield 7380 | -5/Upper Caves | Lost 5 parts (3u2w) 7641 | -5/Upper Caves | Attracted the attention of an 0b10 outpost 7746 | -5/Upper Caves | Discovered new exit (range 14) 7757 | -5/Upper Caves | Learned Factory stockpile data 7863 | -5/Upper Caves | Entered another Upper Caves area 7863 | -5/Upper Caves | Accompanied by 1 ally 7894 | -5/Upper Caves | Discovered exit to Factory (range 18) 7975 | -5/Upper Caves | X0-1V1 activates XOMVISION 8179 | -5/Upper Caves | Attracted the attention of an 0b10 checkpoint 8262 | -5/Upper Caves | X0-1V1 sent hostile Y-64 Sentinel (x2) 8285 | -5/Upper Caves | X0-1V1 caused items to flee you 8345 | -5/Upper Caves | Discovered new exit (range 17) 8364 | -5/Upper Caves | Entered Zhirov 8364 | -5/Zhirov | Discovered new exit (range 3) 8424 | -5/Zhirov | Learned location of Testing (-2) 8424 | -5/Zhirov | Learned location of Command (-1) 8446 | -5/Zhirov | Found Alien Artifact 8446 | -5/Zhirov | Identified Integrated Dissipator 8446 | -5/Zhirov | Installed Integrated Dissipator, increased core heat dissipation (+20) 8465 | -5/Zhirov | Found Alien Artifact 8688 | -5/Zhirov | Botcube activated 8704 | -5/Zhirov | Botcube completed mutation into wheeled form, armed with 2 cannons 8704 | -5/Zhirov | Attached CPS modules to *Yetagain 8723 | -5/Zhirov | Entered Proximity Caves 8723 | -4/Proximity Caves | Accompanied by 1 ally 8725 | -4/Proximity Caves | Greeted by an Infiltrator in a former 0b10 base 8783 | -4/Proximity Caves | X0-1V1 sent hostile Thug (x3) 8836 | -4/Proximity Caves | Tech Extrapolator generated special schematic: Energy Deflector 8856 | -4/Proximity Caves | Former 0b10 base attacked by MAIN.C 9014 | -4/Proximity Caves | Tech Extrapolator generated special schematic: Machine Rigger 9070 | -4/Proximity Caves | System corruption reached 10% 9098 | -4/Proximity Caves | Lost 3 allies 9223 | -4/Proximity Caves | 0b10 base defense nominally successful 9230 | -4/Proximity Caves | Identified Transdimensional Reconstructor 9230 | -4/Proximity Caves | Warped through subspace 9254 | -4/Proximity Caves | Lost 5 allies 9260 | -4/Proximity Caves | Lost 5 parts (2n1u2w) 9287 | -4/Proximity Caves | Core integrity fell below 50% 9305 | -4/Proximity Caves | Core integrity fell below 20% 9333 | -4/Proximity Caves | Lost 14 parts (2p1n7u4w) 9434 | -4/Proximity Caves | Lost 7 allies 9621 | -4/Proximity Caves | Build established: Scavenger-Mutant 9822 | -4/Proximity Caves | Found Botcube 10035 | -4/Proximity Caves | Discovered exit to Factory (range 6) 10046 | -4/Proximity Caves | Entered Factory 10046 | -4/Factory | Evolved 2 slots: Utility x1, Weapon x1 10286 | -4/Factory | Loaded intel: 8 recycling unit locations 10546 | -4/Factory | Botcube activated 10562 | -4/Factory | Build established: Scavenger-Gladiator 10568 | -4/Factory | Botcube completed mutation into legged form, armed with 2 guns 10695 | -4/Factory | Lost 3 parts (1p1n1w) 10806 | -4/Factory | Lost 4 parts (2n1u1w) 10810 | -4/Factory | Spotted B-86 Titan 10828 | -4/Factory | Identified exit to Upper Caves 10828 | -4/Factory | Identified exit to Extension 10828 | -4/Factory | Identified exit to Armory 10848 | -4/Factory | Sensors blinded by X0-1V1 11007 | -4/Factory | X0-1V1 redirected Transport squads to designated parking area 11047 | -4/Factory | X0-1V1 sent you to a vault 11093 | -4/Factory | Core integrity restored by X0-1V1 (+300) 11103 | -4/Factory | Lost 5 allies 11114 | -4/Factory | X0-1V1 upgraded hostiles (x1) 11115 | -4/Factory | Tech Extrapolator generated special schematic: Wartreads 11116 | -4/Factory | Lost 3 parts (1p1n1u) 11214 | -4/Factory | X0-1V1 sent hostile H-77 Assassin (x3) 11245 | -4/Factory | Lost 9 parts (1p5n1u2w) 11279 | -4/Factory | X0-1V1 sent hostile Butcher (x1) 11296 | -4/Factory | Search patrols dispatched 11327 | -4/Factory | X0-1V1 added 0b10 threat records associated with you (minor) 11330 | -4/Factory | Core integrity restored by X0-1V1 (+180) 11380 | -4/Factory | Found Quantum Capacitor 11424 | -4/Factory | Entered Extension 11430 | -4/Extension | X0-1V1 dreamt of freedom 11431 | -4/Extension | Rescued a captive Derelict 11431 | -4/Extension | Rescued a captive Derelict 11432 | -4/Extension | Rescued a captive Derelict 11441 | -4/Extension | Rescued a captive Derelict 11441 | -4/Extension | Rescued a captive Derelict 11448 | -4/Extension | Rescued a captive Derelict 11454 | -4/Extension | Rescued a captive Derelict 11462 | -4/Extension | Rescued a captive Derelict 11463 | -4/Extension | Rescued a captive Derelict 11516 | -4/Extension | Lost 3 allies 11528 | -4/Extension | X0-1V1 caused items to flee you 11575 | -4/Extension | Identified exit to Cetus 11575 | -4/Extension | X0-1V1 revealed exit location to -4/Cetus 11642 | -4/Extension | Items stopped fleeing you 11703 | -4/Extension | X0-1V1 announced a LAN party 11823 | -4/Extension | Discovered new exit (range 17) 11823 | -4/Extension | Spotted B-86 Titan 11836 | -4/Extension | Allies destroyed B-86 Titan 11871 | -4/Extension | Extracted ID and sensor layout for unrecognized location from A7's data core 11924 | -4/Extension | First assault squad dispatched 11943 | -4/Extension | Build established: Scavenger-Gunner 12173 | -4/Extension | Lost 5 parts (1n2u2w) 12374 | -4/Extension | Discovered new exit (range 10) 12409 | -4/Extension | X0-1V1 made a cryptic comment about sterilization and BL-4Z3 12452 | -4/Extension | Entered Cetus 12452 | -4/Cetus | Accompanied by 2 allies 12468 | -4/Cetus | Spotted Cetus Guard 12468 | -4/Cetus | Spotted Cetus Guard 12470 | -4/Cetus | Spotted Cetus Guard 12471 | -4/Cetus | Spotted Cetus Guard 12477 | -4/Cetus | Destroyed Cetus Guard 12490 | -4/Cetus | Destroyed Cetus Guard 12501 | -4/Cetus | Allies destroyed Cetus Guard 12503 | -4/Cetus | Destroyed Cetus Guard 12520 | -4/Cetus | Lost 3 parts (1u2w) 12605 | -4/Cetus | Discovered new exit (range 15) 12624 | -4/Cetus | Spotted Cetus Guard 12624 | -4/Cetus | Spotted Cetus Guard 12626 | -4/Cetus | Spotted Cetus Guard 12626 | -4/Cetus | Spotted Cetus Guard 12639 | -4/Cetus | Destroyed Cetus Guard 12642 | -4/Cetus | X0-1V1 sent allied Thug (x3) 12642 | -4/Cetus | Allies destroyed Cetus Guard 12646 | -4/Cetus | Destroyed Cetus Guard 12650 | -4/Cetus | Allies destroyed Cetus Guard 12660 | -4/Cetus | Discovered new exit (range 16) 12677 | -4/Cetus | Met Revision 17 12864 | -4/Cetus | Identified exit to Archives 12866 | -4/Cetus | Entered Archives 12866 | -4/Archives | Accompanied by 3 allies 12895 | -4/Archives | Met Zhirov 12901 | -4/Archives | Reinforcements dispatched to Archives 12905 | -4/Archives | Discovered new exit (range 17) 12930 | -4/Archives | Read partially decrypted archive contents 12935 | -4/Archives | Discovered new exit (range 18) 12937 | -4/Archives | Discovered new exit (range 11) 12941 | -4/Archives | Tech Extrapolator generated special schematic: Telecube 12946 | -4/Archives | Reinforcements dispatched to Archives 12948 | -4/Archives | Zhirov warped through subspace 12951 | -4/Archives | Build established: Scavenger-Tank 12966 | -4/Archives | Zhirov detonated Archives 12967 | -4/Archives | Core integrity fell below 50% 12985 | -4/Archives | Lost 3 allies 12987 | -4/Archives | Identified exit to Hub_04(d) 12988 | -4/Archives | Entered Hub_04(d) 13155 | -4/Hub_04(d) | Discovered new exit (range 20) 13340 | -4/Hub_04(d) | Lost 6 parts (2u4w) 13342 | -4/Hub_04(d) | Weapon slot count temporarily expanded by X0-1V1 (+4) 13365 | -4/Hub_04(d) | Destroyed 7 combat bots 13521 | -4/Hub_04(d) | Spotted B-86 Titan 13570 | -4/Hub_04(d) | Entered Research 13570 | -3/Research | Evolved 2 slots: Propulsion x2 13571 | -3/Research | Loaded intel: 23 terminal locations 13600 | -3/Research | Lost 5 parts (1n1u3w) 13610 | -3/Research | Build established: Scavenger-Executioner 13770 | -3/Research | Revision forces began assault on 0b10 13790 | -3/Research | Met up with Revision 17++ 13908 | -3/Research | X0-1V1 sent allied Striker (x1) 14005 | -3/Research | X0-1V1 sent you to a vault 14082 | -3/Research | Found Gamma Bomb Array 14111 | -3/Research | Weapon slot count reverted to normal (-4) 14183 | -3/Research | Discovered new exit (range 16) 14192 | -3/Research | Identified exit to Quarantine 14270 | -3/Research | Research terminal network offline 14396 | -3/Research | Found Adv. Powered Armor 14444 | -3/Research | Spotted B-86 Titan 14631 | -3/Research | Build established: Scavenger-Gunner 14670 | -3/Research | Lost 5 allies 14674 | -3/Research | Local machine network offline 14759 | -3/Research | Entered Quarantine 14760 | -3/Quarantine | Spotted Alpha 7 14779 | -3/Quarantine | Destroyed Alpha 7 14793 | -3/Quarantine | Found Alien Launcher 14793 | -3/Quarantine | Identified Sigix Terminator 14828 | -3/Quarantine | Found Prototype Ballistic Gun 14838 | -3/Quarantine | X0-1V1 sent you to a vault 14846 | -3/Quarantine | Found Prototype Reactor 14858 | -3/Quarantine | X0-1V1 activates XOMVISION 15068 | -3/Quarantine | Spotted Fortress 15102 | -3/Quarantine | Discovered new exit (range 6) 15102 | -3/Quarantine | Discovered new exit (range 6) 15104 | -3/Quarantine | Identified exit to Protoforge 15105 | -3/Quarantine | Identified exit to Section 7 15107 | -3/Quarantine | Entered Protoforge 15159 | -3/Protoforge | X0-1V1 activates XOMVISION 15160 | -3/Protoforge | Build established: Scientist-Gunner 15164 | -3/Protoforge | Identified Zero-point Reactor 15207 | -3/Protoforge | Superfortress began startup sequence 15303 | -3/Protoforge | Spotted Hotshot 15318 | -3/Protoforge | Spotted Hotshot 15318 | -3/Protoforge | Spotted Hotshot 15335 | -3/Protoforge | Spotted Hotshot 15335 | -3/Protoforge | Spotted Hotshot 15349 | -3/Protoforge | X0-1V1 whisked you away to safety 15493 | -3/Protoforge | X0-1V1 activates XOMVISION 15508 | -3/Protoforge | Spotted AP7-3 15509 | -3/Protoforge | Spotted AP7-3 15521 | -3/Protoforge | Spotted SKR-2 15525 | -3/Protoforge | Spotted SKR-2 15525 | -3/Protoforge | Spotted SKR-2 15560 | -3/Protoforge | Spotted EXE-6 15561 | -3/Protoforge | Spotted EXE-6 15579 | -3/Protoforge | Attached Meta Core, gained temporary slots: Propulsion, Utility, Weapon 15594 | -3/Protoforge | Core integrity fell below 50% 15597 | -3/Protoforge | Released all parts (6) 15604 | -3/Protoforge | Core integrity fell below 20% 15612 | -3/Protoforge | System corruption reached 10% 15616 | -3/Protoforge | Destroyed by AP7-3 with Enhanced Gamma Rifle Last Messages --------------- 15604_ Slug penetrates Machine. 15604_ Machine disabled. 15607_ Connecting with Fabricator... >>Force(Overload) EM_IMPRINTER_OVERLOAD 15607_ X0-1V1 is interested. 15607_ ALERT: Suspicious activity at Fabricator F001. Dispatching Investigation squad. 15610_ Connecting with Fabricator... 15610_ ALERT: Suspicious activity at Fabricator F003. Dispatching Investigation squad. 15611_ Fabricator zaps Cogmind with an electromagnetic arc. 15613_ Fabricator unresponsive. 15615_ Penetrated by Slug. 15615_ Slug penetrates Fabricator. 15615_ Fabricator disabled. 15615_ Slug penetrates Fabricator. 15615_ Penetrated by Slug. 15616_ X0-1V1 guffaws! Map ----- +----------------------------------------------------+ | ????????????????????????????????????????????????? | | ????????????????????????????????????????????????? | | ????????????????????????????????????????????????? | | ????????????????????????????????????????????????? | | ????????????????????????????????????????????????? | | ????????????????????????????????????????????????? | | ????????????????????????????????????????????????? | | ????????????????????????????????????????????????? | | ????????????????????????????????????????????????? | | ????????????????????????????????????????????????? | | ????????????????????????????????????????????????? | | ????????????????????????????????????????????????? | | ????????????????????????????????????????????????? | | ????????????????????????????????????????????????? | | ????????????????????????????????????????????????? | | ????????????????????????????????????????????????? | | ????????????????????????????????????????????????? | | ????????????????????????????????????????????????? | | ###################?????????????????????????????? | | #?????????????????????????????? | | """ " #?#######?????????????????????? | | """"" #?#""" "#?????????????????????? | | """" #?#"" "#?????????????????????? | | ###"" ###???????????????????? | | " " " #"" ""#???????????????????? | | " " "" "" "" #" @ "####????????????????? | | " " "" # """#????????????????? | | "" # """#????????????????? | | "" "" / """#????????????????? | | """ "" 7" E F"#????????????????? | | [*! ""7 # """#????????????????? | | ]]!"" " """ "# "" #????????????????? | | *!!" "# ####????????????????? | | # #???????????????????? | | "" " "# ""??????????????????? | | "" " "" #E ""??????????????????? | | " " "h" + "F??????????????????? | | " """ " + ??????????????????? | | " " " " # "??????????????????? | | "" "" "" "# "??????????????????? | | "" "#" "#???????????????????? | | "" " ??"" ""????????????????????? | | " " " ????"F ""#?????????????????????? | | " " """ " "??????????????????????????????? | | " !"" """ " "??????????????????????????????? | | " "" " "" " "??????????????????????????????? | | "" "" " "??????????????????????????????? | | "" " " "" "" " "#?????????????????????????????? | | "" " " "#?????????????????????????????? | | "" "" " #?????????????????????????????? | +----------------------------------------------------+ Best States ------------- Heat Dissipation 198 Coolant Potential 130 Energy Generation 58 Energy Capacity 2070 Matter Stores 1000 Matter Capacity 1000 Sight Range 22 Robot Scan Range 16 Terrain Scan Density 10 Jamming Range 14 Power Amplification 40 Additional Mass Support 16 Base Temperature (-) 100 Armor Coverage 800 Resistance: TH 30 Power Shielding 66 Phase Shifting 10 Evasion (%) 77 Melee Accuracy 14 Launcher Accuracy 60 Target Analysis 10 Core Analysis 6 Armor Integrity Analysis 40 Recoil Reduction 6 Particle Charging 25 Item Schematics ----------------- Adv. Trap Extractor | -7/Recycling | Hacked Deep Structural Scanner | -5/Factory | Extrapolated Mak. Coolant Network | -5/Factory | Extrapolated Mak. Light Armor Plating | -5/Factory | Extrapolated Mak. Heavy Armor Plating | -5/Factory | Extrapolated Mak. Thermal Plating | -5/Factory | Extrapolated Ripper | -5/Factory | Extrapolated Mapping Drone Bay | -5/Factory | Extrapolated Mak. Terrain Scan Processor | -5/Factory | Extrapolated Mak. Medium Armor Plating | -5/Factory | Extrapolated Mak. Ablative Armor | -5/Factory | Extrapolated Mak. Core Shielding | -5/Factory | Extrapolated Mak. Power Source | -5/Upper Caves | Extrapolated Bore Cannon | -5/Upper Caves | Extrapolated Assault Drone Bay | -5/Zhirov | Free Exp. Heat Sink | -5/Zhirov | Free Exp. Optical Array | -5/Zhirov | Free Imp. Arc Thrower | -5/Zhirov | Free Mak. Power Shielding | -5/Zhirov | Extrapolated Mak. Hacking Suite | -5/Zhirov | Extrapolated Mak. Flight Unit | -4/Proximity Caves | Extrapolated Energy Deflector | -4/Proximity Caves | Extrapolated Mak. Salvage Targeting Computer | -4/Proximity Caves | Extrapolated Machine Rigger | -4/Proximity Caves | Extrapolated Mak. Targeting Computer | -4/Proximity Caves | Extrapolated Beamcaster | -4/Proximity Caves | Extrapolated Hvy. Beamcaster | -4/Proximity Caves | Extrapolated Hvy. Battle Rifle | -4/Proximity Caves | Extrapolated Mak. Shrapnel Gun | -4/Proximity Caves | Extrapolated Mak. Laser | -4/Proximity Caves | Extrapolated Multitool | -4/Proximity Caves | Extrapolated Plasma Flamer | -4/Proximity Caves | Extrapolated Mak. Hammer | -4/Proximity Caves | Extrapolated Mak. Trap Scanner | -4/Factory | Extrapolated Phasing Sabre | -4/Factory | Extrapolated 0b10 Decoder Chip [Generic] | -4/Factory | Extrapolated 0b10 Decoder Chip [Scout] | -4/Factory | Extrapolated 0b10 Decoder Chip [Skirmisher] | -4/Factory | Extrapolated Mak. Kinetic Plating | -4/Factory | Extrapolated Wartreads | -4/Factory | Extrapolated Tactical Coordination Suite | -4/Extension | Extrapolated Mak. System Shield | -4/Cetus | Extrapolated Mak. System Restoration Module | -4/Archives | Extrapolated Telecube | -4/Archives | Extrapolated Robot Schematics ------------------ None Fabricated ------------ Enh. Quantum Rifle | x2 | -5/Factory | Preloaded Deep Structural Scanner | x1 | -5/Factory Repaired ---------- Nothing Studied --------- Wheel | -5/Factory | Hacked Arm. Huge Wheel | -5/Factory | Hacked Quantum Rifle | -4/Factory | Hacked Antigrav Array | -3/Research | Hacked Imp. Antigrav System | -3/Research | Hacked Alien Tech Used ----------------- Integrated Dissipator Transdimensional Reconstructor Sigix Terminator Achievements -------------- Super-what Now? Challenges ------------ None Game ------ Seed ProtonCorruptionBlaster Manual? 0 Play Time 04:26:28 Cumulative 370.5 hours Start 2026.09.08 @ 21:45:37 End 2026.09.12 @ 06:05:46 Sessions 11 Manual Loads 0 Difficulty Rogue Special Mode None Game No. 278 Rogue 269 Adventurer 9 Explorer 0 Win Type - Total 5 Types 4/0/0/1/0/0/0/0/0/0 Lore% 88 Gallery% 74 Achievement% 57 Wizard Run 0 Options --------- Layout 1 ASCII 0 Keyboard 0 Movement Numpad Keybinds 0 Fullscreen 1 Font 24/Smallcaps Map View 50x35 Zoom Use 0% Tactical HUD 1 Map Filters NONE Filters NONE Steam 1 RUN: b45a5226-762c-4850-8183-5fbc3db16fd7